 Dungeon Crawl Stone Soup version 0.17.0-28-g6e173f8 (webtiles) character file.

43 homeworkjunkie the Sneak (level 3, -10/18 HPs)
             Began as a Spriggan Assassin on Nov 25, 2015.
             Mangled by an ogre
             ... wielding a +0 giant spiked club
              (28 damage)
             ... on level 3 of the Dungeon.
             The game lasted 00:02:57 (932 turns).

homeworkjunkie the Sneak (Spriggan Assassin)         Turns: 932, Time: 00:02:57

Health: -10/18     AC:  5    Str:  7    XL:     3   Next: 37%
Magic:  4/4        EV: 18    Int: 12    God:
Gold:   40         SH:  0    Dex: 18    Spells: 0 memorised, 2 levels left

rFire  . . .     SeeInvis +     q - +1 hunting sling
rCold  . . .     Clarity  .     c - +0 robe
rNeg   . . .     SustAt   .     (shield restricted)
rPois  .         Gourm    .     (helmet restricted)
rElec  .         Spirit   .     d - +2 cloak
rCorr  .         Warding  .     (gloves unavailable)
rMut   .         Stasis   .     (boots unavailable)
MR     .....                    (no amulet)
Stlth  ++++......               (no ring)
                                i - ring of invisibility

@: very quick, not resistant to hostile enchantments, stealthy
A: unfitting armour, see invisible, herbivore 3, speed 3, slow metabolism 2
a: Evoke Invisibility


You were on level 3 of the Dungeon.
You were not hungry.

You visited 1 branch of the dungeon, and saw 3 of its levels.

You collected 40 gold pieces.

Inventory:

Hand Weapons
 a - a +2 dagger
 b - a +0 blowgun
 q - a +1 hunting sling (weapon)
Missiles
 e - 19 poisoned needles
 f - 2 curare-tipped needles
 o - 16 sling bullets (quivered)
Armour
 c - a +0 robe (worn)
 d - a +2 cloak (worn)
Jewellery
 i - a ring of invisibility (left hand)
Potions
 k - a potion of lignification
 m - 2 potions of haste
 s - a potion of might {unknown}
Comestibles
 g - 2 bread rations
 h - 2 slices of pizza


   Skills:
 * Level 1.7 Fighting
 * Level 2.5 Short Blades
 * Level 2.0 Throwing
 * Level 2.6 Dodging
 * Level 7.0 Stealth


You had 2 spell levels left.
You didn't know any spells.

Dungeon Overview and Level Annotations

Branches:
Dungeon (3/15)

Altars:
Kikubaaqudgha


Innate Abilities, Weirdness & Mutations

You are tiny and cannot use many weapons and most armour.
You have supernaturally acute eyesight.
You are a herbivore.
You cover ground extremely quickly.
You need consume almost no food.


Message History

The kobold throws a stone.
The stone closely misses you.
You fail to use your ability.
The kobold throws a stone.
The stone hits you but does no damage.
You fail to use your ability.
The kobold throws a stone.
The stone misses you.
You see here a stone.
You fail to use your ability.
Firing (i - inventory):
o - 18 sling bullets (quivered)
Press: ? - help, Shift-Dir - straight line, f/p - ogre
Aim: an ogre, wielding a giant spiked club (heavily wounded)
You shoot a sling bullet. The sling bullet hits the ogre.
The ogre is severely wounded.
Firing (i - inventory):
o - 17 sling bullets (quivered)
Press: ? - help, Shift-Dir - straight line, f/p - ogre
Aim: an ogre, wielding a giant spiked club (severely wounded)
You shoot a sling bullet. The sling bullet hits the ogre!
The ogre is almost dead.
The ogre hits you with a giant spiked club!!
Ouch! That really hurt!
You die...

.........#.......
......................
......................
......#...............
.....................
....................
...###....####...######
...###....###.........#
................@.....####
##..............O........[
#............##(.........
##............##..........
.#............###.(.......
..............# #.(.......
..............# #K........
..................?...####
.....#####............#


You could see an ogre and a kobold.

Vanquished Creatures
  An adder (D:2)
  A worm (D:1)
  3 giant cockroaches
  7 hobgoblins
  4 bats
  3 giant newts
  7 kobolds (D:1)
  5 rats (D:1)
31 creatures vanquished.

Vanquished Creatures (others)
  A human (D:3)
1 creature vanquished.

Grand Total: 32 creatures vanquished

Notes
Turn   | Place    | Note
--------------------------------------------------------------
     0 | D:1      | homeworkjunkie the Spriggan Assassin began the quest for the Orb.
     0 | D:1      | Reached XP level 1. HP: 10/10 MP: 2/2
    46 | D:1      | Reached skill level 6 in Stealth
   163 | D:1      | Reached XP level 2. HP: 14/14 MP: 3/3
   571 | D:1      | Reached XP level 3. HP: 18/18 MP: 4/4
   841 | D:3      | Reached skill level 7 in Stealth
   853 | D:3      | Found an ancient bone altar of Kikubaaqudgha.
   859 | D:3      | Noticed a human
   861 | D:3      | Killed a human
   919 | D:3      | Noticed an ogre
   932 | D:3      | Mangled by an ogre

Action                   || total
-------------------------++-------
Melee: Dagger            ||    68
 Fire: Hunting sling     ||     5
 Abil: Evoke Invisibilit ||     1
  Use: Scroll            ||     7
 Stab: Sleeping          ||    13
       Invisible         ||     1
